 Dungeon Crawl Stone Soup version 0.19.1-1-g22dce08 (webtiles) character file.

4317 godfroggy the Martial Artist (level 10, -21/53 HPs)
             Began as a Vine Stalker Monk on Jan 5, 2017.
             Was a Priest of Dithmenos.
             Demolished by a komodo dragon (24 damage)
             ... on level 1 of the Lair of Beasts on Jan 6, 2017.
             The game lasted 01:17:58 (8794 turns).

godfroggy the Martial Artist (Vine Stalker Monk)    Turns: 8794, Time: 01:17:58

Health: -21/53     AC:  3    Str: 13    XL:     10   Next: 33%
Magic:  0/12       EV: 15    Int: 13    God:    Dithmenos [***...]
Gold:   86         SH:  0    Dex: 21    Spells: 1 memorised, 4 levels left

rFire  . . .     SeeInvis .       - Unarmed
rCold  . . .     Gourm    .     a - +0 robe
rNeg   . . .     Faith    .     (no shield)
rPois  +         Spirit   +     f - +0 helmet
rElec  .         Reflect  .     (no cloak)
rCorr  .         Harm     +     (no gloves)
MR     +....                    (no boots)
Stlth  ++++++....               G - amulet of harm
                                o - +3 ring of intelligence
                                e - ring of poison resistance

@: wreathed by umbra
A: fangs 3, regeneration 1, magic shield, antimagic bite, no device heal 3, rot
immunity
a: Shadow Step, Renounce Religion


You were on level 1 of the Lair of Beasts.
You worshipped Dithmenos.
Dithmenos was most pleased with you.
You were not hungry.

You visited 2 branches of the dungeon, and saw 10 of its levels.

You collected 513 gold pieces.
You spent 427 gold pieces at shops.

Inventory:

Armour
 a - a +0 robe (worn)
 f - a +0 helmet (worn)
Jewellery
 e - a ring of poison resistance (left hand)
 o - a +3 ring of intelligence (right hand)
 t - the ring "Pusupn" {rPois rC++ Str-5 Int+2 Dex-3}
   (You found it on level 6 of the Dungeon)

   [ring of dexterity]

   It affects your strength (-5).
   It affects your intelligence (+2).
   It affects your dexterity (-3).
   It greatly protects you from cold.
   It protects you from poison.
 G - an amulet of harm (around neck)
 H - an uncursed ring of poison resistance
Wands
 p - a wand of lightning (6/15)
 z - a wand of iceblast (4/15)
Scrolls
 h - 3 scrolls of remove curse
 s - 2 scrolls of identify
 u - a scroll of amnesia
 w - 2 scrolls of vulnerability
 x - a scroll of enchant weapon
 y - a scroll of magic mapping
 B - a scroll of fog
 F - a scroll of teleportation
Potions
 g - 10 potions of curing {unknown}
 i - 2 potions of haste
 l - a potion of lignification {unknown}
 m - 2 potions of berserk rage
 n - 2 potions of cure mutation {unknown}
 r - 2 potions of agility {unknown}
 C - a potion of heal wounds {unknown}
 E - a potion of flight {unknown}
Books
 v - a book of Enchantments

   Spells                             Type                      Level
   a - Cause Fear                     Hexes                        4
   b - Yara's Violent Unravelling     Hexes/Transmutation          5
   c - Silence                        Hexes/Air                    5
   d - Deflect Missiles               Charms/Air                   6
   e - Discord                        Hexes                        8
 A - a book of Conjurations

   Spells                             Type                      Level
   a - Magic Dart                     Conjuration                  1
   b - Searing Ray                    Conjuration                  2
   c - Dazzling Spray                 Conjuration/Hexes            3
   d - Fulminant Prism                Conjuration/Hexes            4
   e - Iskenderun's Mystic Blast      Conjuration                  4
   f - Iskenderun's Battlesphere      Conjuration/Charms           5
 D - a book of Changes

   Spells                             Type                      Level
   a - Beastly Appendage              Transmutation                1
   b - Sticks to Snakes               Transmutation                2
   c - Spider Form                    Transmutation/Poison         3
   d - Ice Form                       Ice/Transmutation            4
   e - Blade Hands                    Transmutation                5
Comestibles
 b - 6 bread rations
 c - 7 fruits
 d - 2 royal jellies
 j - 5 slices of pizza
 k - 2 meat rations
 q - 7 beef jerkies


   Skills:
 - Level 6.3 Fighting
 - Level 4.6 Dodging
 - Level 7.1 Stealth
 - Level 9.8 Unarmed Combat
 + Level 5.8 Transmutations
 - Level 2.1 Evocations


You had 4 spell levels left.
You knew the following spells:

 Your Spells              Type           Power        Failure   Level  Hunger
a - Blade Hands           Tmut           ###.......   85%         5    ######.


Dungeon Overview and Level Annotations

Branches:
Dungeon (9/15)             Temple (0/1) D:4            Lair (1/6) D:9
    Orc: D:9-12

Altars:
Ashenzari
Dithmenos
Fedhas
Kikubaaqudgha
Qazlal
Sif Muna

Shops:
D:6 *   D:7 (   D:9 :

Annotations:
D:4 Sigmund


Innate Abilities, Weirdness & Mutations

You have razor-sharp teeth.
Your natural rate of healing is unusually fast.
When hurt, damage is shared between your health and your magic reserves.
Your bite disrupts and absorbs the magic of your enemies.
Potions and wands cannot restore your health.
You are immune to rotting.


Message History

You hit the komodo dragon. Your punch misses the komodo dragon.
You bite the komodo dragon. You drain its power.
You feel invigorated.
The komodo dragon is moderately wounded.
You hit the komodo dragon but do no damage.
Your bite misses the komodo dragon.
The komodo dragon is moderately wounded.
The komodo dragon barely misses you.
You punch the komodo dragon! Your bite misses the komodo dragon.
The komodo dragon is severely wounded.
The komodo dragon bites you.
You hit the komodo dragon but do no damage.
The komodo dragon is severely wounded.
The komodo dragon bites you!!
Ouch! That really hurt!
* * * LOW HITPOINT WARNING * * *
You emit a cloud of dark smoke.
You hit the komodo dragon.
The komodo dragon is severely wounded.
The komodo dragon bites you!!
You die...

.. .#....P...# #...
........P ##...##.......#
##.....#... ...### #
###P.#..#...###..#.##.##
P.....#.#...#...........
P...........P...........
#..............§§§......
...............§@l......
................§.....#.
#......#...##.........###..#
###.....#..###...........r..
###.....#......#.####.......
P##............###≈§#.......
..........#..#.#.####.......
.#......###..#..............
#..............#............


You could see a komodo dragon.

Vanquished Creatures
  A centaur skeleton (D:7)
  A komodo dragon (Lair:1)
  4 hippogriffs
  A hungry ghost (D:8)
  A water moccasin (Lair:1)
  A porcupine (Lair:1)
  A sky beast (D:5)
  3 ogres
  3 black bears
  4 phantoms
  A centaur (D:7)
  A crocodile (D:9)
  A big kobold (D:9)
  2 bullfrogs
  A wyvern zombie (D:6)
  2 scorpions
  4 wights (D:7)
  An electric eel (D:9)
  2 howler monkeys
  5 crimson imps
  A centaur zombie (D:5)
  4 hounds
  An orc priest (D:6)
  5 orc wizards
  Terence (D:2)
  3 iguanas
  5 worker ants
  A killer bee zombie (D:8)
  A howler monkey zombie (D:7)
  10 adders
  3 shadow imps
  2 oozes (D:2)
  3 worms
  2 dart slugs
  4 leopard geckos
  30 orcs
  2 ball pythons
  11 bats
  4 giant cockroaches
  9 goblins
  11 hobgoblins
  7 jackals
  2 quokkas
  4 frilled lizards
  14 kobolds
  A quokka zombie (D:9)
  8 rats
  2 plants (D:9)
191 creatures vanquished.

Notes
Turn   | Place    | Note
-------+----------+-------------------------------------------
     0 | D:1      | godfroggy the Vine Stalker Monk began the quest for the Orb.
     0 | D:1      | Reached XP level 1. HP: 11/11 MP: 2/2
   168 | D:1      | Reached XP level 2. HP: 13/16 MP: 3/3
   930 | D:1      | Reached XP level 3. HP: 20/20 MP: 4/4
  1099 | D:2      | Found a blossoming altar of Fedhas.
  1433 | D:2      | Reached skill level 4 in Unarmed Combat
  1677 | D:2      | Gained mutation: Your natural rate of healing is unusually fast. [Vine Stalker growth]
  1677 | D:2      | Reached XP level 4. HP: 22/24 MP: 5/5
  1883 | D:2      | Noticed Terence
  1974 | D:2      | Killed Terence
  2386 | D:3      | Found a shadowy altar of Dithmenos.
  2411 | D:3      | Became a worshipper of Dithmenos the Shadowed
  2411 | D:3      | Reached * piety under Dithmenos
  2411 | D:3      | Reached ** piety under Dithmenos
  2458 | D:3      | Reached XP level 5. HP: 29/29 MP: 6/6
  3296 | D:4      | Reached skill level 5 in Unarmed Combat
  3444 | D:4      | Found a staircase to the Ecumenical Temple.
  3536 | D:4      | Noticed Sigmund
  3710 | D:4      | Reached XP level 6. HP: 21/33 MP: 5/7
  3811 | D:4      | Noticed a black bear
  3822 | D:4      | Killed a black bear
  3822 | D:4      | Reached skill level 6 in Unarmed Combat
  4159 | D:5      | Entered Level 5 of the Dungeon
  4207 | D:5      | Found a stormy altar of Qazlal.
  4208 | D:5      | Noticed a phantom
  4210 | D:5      | Noticed a fire elemental
  4210 | D:5      | Noticed an air elemental
  4210 | D:5      | Noticed a water elemental
  4223 | D:5      | Noticed a sky beast
  4246 | D:5      | Killed a sky beast
  4277 | D:5      | Found a shattered altar of Ashenzari.
  4316 | D:5      | Reached XP level 7. HP: 36/37 MP: 8/8
  4473 | D:5      | Reached *** piety under Dithmenos
  4560 | D:5      | Reached skill level 7 in Unarmed Combat
  4921 | D:5      | Gained mutation: You have razor-sharp teeth. [Vine Stalker growth]
  4921 | D:5      | Reached XP level 8. HP: 28/42 MP: 6/9
  5092 | D:6      | Found Jocugg's Assorted Antiques.
  5105 | D:6      | Bought 3 scrolls labeled WOUFUU PEZU for 102 gold pieces
  5120 | D:6      | Reached skill level 5 in Fighting
  5490 | D:6      | Reached skill level 8 in Unarmed Combat
  5516 | D:6      | Reached skill level 1 in Evocations
  5624 | D:6      | Got a coiled marble ring
  5629 | D:6      | Identified the cursed ring "Pusupn" {rPois rC++ Str-5 Int+2 Dex-3} (You found it on level 6 of the Dungeon)
  5879 | D:6      | Reached skill level 5 in Stealth
  5960 | D:7      | Reached XP level 9. HP: 19/47 MP: 11/11
  6519 | D:7      | Found Hanko's Antique Weapon Boutique.
  6558 | D:7      | Reached skill level 9 in Unarmed Combat
  7058 | D:8      | Reached **** piety under Dithmenos
  7212 | D:8      | Found an ancient bone altar of Kikubaaqudgha.
  7673 | D:9      | Found Kipn's Book Boutique.
  7680 | D:9      | Bought a book of Changes for 325 gold pieces
  7686 | D:9      | Learned a level 5 spell: Blade Hands
  7796 | D:9      | Found a staircase to the Lair.
  7811 | D:9      | Reached XP level 10. HP: 45/53 MP: 12/12
  7897 | D:9      | Found a deep blue altar of Sif Muna.
  8580 | Lair:1   | Entered Level 1 of the Lair of Beasts
  8602 | Lair:1   | Reached skill level 5 in Transmutations
  8793 | Lair:1   | HP: 2/53 [komodo dragon (33)]
  8794 | Lair:1   | Demolished by a komodo dragon

Skill      XL: |  1  2  3  4  5  6  7  8  9 10 |
---------------+-------------------------------+-----
Fighting       | 3 4 5 6 |  6.3
Unarmed Combat | 4 5 6 7 8 9 |  9.8
Stealth        | 3 5 7 |  7.1
Dodging        | 3 4 |  4.6
Evocations     | 2 |  2.1
Transmutations | 2 5 |  5.8

Action                   |  1- 3 |  4- 6 |  7- 9 | 10-12 || total
-------------------------+-------+-------+-------+-------++-------
Melee: Unarmed           |   124 |   232 |   353 |    72 ||   781
       Bite              |    25 |    82 |   131 |    26 ||   264
       Punch             |     3 |     5 |    17 |     7 ||    32
Invok: Shadow Step       |       |       |     1 |     1 ||     2
Evoke: Wand              |       |       |     2 |       ||     2
  Use: Scroll            |       |     5 |     8 |     6 ||    19
 Stab: Sleeping          |     5 |     9 |    14 |     5 ||    33
       Distracted        |       |       |     3 |       ||     3
  Eat: Chunk             |     2 |     8 |     9 |     3 ||    22
       Bread ration      |       |       |     1 |       ||     1
       Beef jerky        |       |       |     1 |       ||     1
Armor: Robe              |    16 |    16 |    23 |     2 ||    57
Dodge: Dodged            |    74 |   134 |   206 |    25 ||   439
